GCL
COLORADO (GCL) ROCKIES @ BALTIMORE (GCL) ORIOLES
09/05/2098
 
TOP OF THE 1ST
Colorado (GCL) Rockies batting - Pitching for Baltimore (GCL) Orioles : RHP Antonio Samano
Pitching: RHP Antonio Samano
Batting: LHB Marco Diaz 0-0: Called Strike
0-1: Foul Ball, location: 5SF
0-2: Strikes out swinging
Batting: SHB Felix Verjano 0-0: Fly out, F9 (Flyball, 9, EV 77.5 MPH)
Batting: LHB Zacarias Morales 0-0: Foul Ball, location: 7LMF
0-1: Ball
1-1: Foul Ball, location: 9LSF
1-2: Ball
2-2: Ball
3-2: Fly out, F4 (Line Drive, 4MD, EV 69.4 MPH)
Top of the 1st over - 0 runs, 0 hits, 0 errors, 0 left on base; Colorado (GCL) 0 - Baltimore (GCL) 0
BOTTOM OF THE 1ST
Baltimore (GCL) Orioles batting - Pitching for Colorado (GCL) Rockies : RHP John McKitrick
Pitching: RHP John McKitrick
Batting: RHB Melvin Paredes 0-0: Called Strike
0-1: Ball
1-1: Ball
2-1: Ground out 6-3 (Groundball, 6, EV 86.3 MPH)
Batting: RHB Edwin Santiago 0-0: Called Strike
0-1: Ball
1-1: Ball
2-1: Ball
3-1: Base on Balls
Batting: RHB Francisco Ferrer 0-0: Ball
1-0: Called Strike
1-1: Called Strike
1-2: Grounds into double play, 3-6-3 (Groundball, 3, EV 103.8 MPH)
Bottom of the 1st over - 0 runs, 0 hits, 0 errors, 0 left on base; Colorado (GCL) 0 - Baltimore (GCL) 0
TOP OF THE 2ND
Colorado (GCL) Rockies batting - Pitching for Baltimore (GCL) Orioles : RHP Antonio Samano
Batting: RHB Roger Cienega 0-0: Called Strike
0-1: Foul Ball, location: 2F
0-2: Ball
1-2: Ball
2-2: Strikes out swinging
Batting: RHB Justin Trumble 0-0: Ball
1-0: Called Strike
1-1: Ground out 6-3 (Groundball, 6MS, EV 81.9 MPH)
Batting: LHB Dustin Swafford 0-0: Called Strike
0-1: Ball
1-1: Ball
2-1: Fly out, F6 (Flyball, 56D, EV 96.3 MPH)
Top of the 2nd over - 0 runs, 0 hits, 0 errors, 0 left on base; Colorado (GCL) 0 - Baltimore (GCL) 0
BOTTOM OF THE 2ND
Baltimore (GCL) Orioles batting - Pitching for Colorado (GCL) Rockies : RHP John McKitrick
Batting: SHB Jason Massey 0-0: Ball
1-0: Fly out, F8 (Line Drive, 78M, EV 97.5 MPH)
Batting: RHB Mike Baine 0-0: Foul Ball, location: 5SF
0-1: Ground out 5-3 (Groundball, 5, EV 107.5 MPH)
Batting: RHB Bobby Cruz 0-0: Called Strike
0-1: Ball
1-1: Fly out, F7 (Flyball, 78S, EV 89.4 MPH)
Bottom of the 2nd over - 0 runs, 0 hits, 0 errors, 0 left on base; Colorado (GCL) 0 - Baltimore (GCL) 0
TOP OF THE 3RD
Colorado (GCL) Rockies batting - Pitching for Baltimore (GCL) Orioles : RHP Antonio Samano
Batting: SHB Mel Hernandez 0-0: Ball
1-0: Foul Ball, location: 7LDF
1-1: DOUBLE (Groundball, 3L, EV 99.4 MPH)
Batting: RHB Edgar Caban 0-0: Called Strike
0-1: Called Strike
0-2: Ball
Wild Pitch!
Mel Hernandez to third
1-2: Ground out 4-3 (Groundball, 4, EV 81.9 MPH)
Batting: RHB Bob Brugioni 0-0: Ball
1-0: Ball
2-0: Called Strike
2-1: Called Strike
2-2: Ball
3-2: Strikes out swinging
Batting: LHB Marco Diaz 0-0: TRIPLE (Line Drive, 89XD, EV 110.0 MPH)
Mel Hernandez scores
Batting: SHB Felix Verjano 0-0: Ground out 4-3 (Groundball, 4S, EV 80.6 MPH)
Top of the 3rd over - 1 run, 2 hits, 0 errors, 1 left on base; Colorado (GCL) 1 - Baltimore (GCL) 0
BOTTOM OF THE 3RD
Baltimore (GCL) Orioles batting - Pitching for Colorado (GCL) Rockies : RHP John McKitrick
Batting: LHB Octavio Salgado 0-0: Ball
1-0: Foul Ball, location: 5F
1-1: Swinging Strike
1-2: Ball
2-2: Strikes out swinging
Batting: RHB Enrique Castaneda 0-0: Ball
1-0: Foul Ball, location: 7LSF
1-1: Foul Ball, location: 9LMF
1-2: Strikes out swinging
Batting: RHB Jim Unknown 0-0: Called Strike
0-1: Ball
1-1: Ball
2-1: Foul Ball, location: 2F
2-2: Strikes out swinging
Bottom of the 3rd over - 0 runs, 0 hits, 0 errors, 0 left on base; Colorado (GCL) 1 - Baltimore (GCL) 0
TOP OF THE 4TH
Colorado (GCL) Rockies batting - Pitching for Baltimore (GCL) Orioles : RHP Antonio Samano
Batting: LHB Zacarias Morales 0-0: Ground out 6-3 (Groundball, 6, EV 83.1 MPH)
Batting: RHB Roger Cienega 0-0: Ball
1-0: Foul Ball, location: 2F
1-1: Ball
2-1: SOLO HOME RUN (Line Drive, 9LD, EV 93.1 MPH), Distance : 344 ft
Batting: RHB Justin Trumble 0-0: Called Strike
0-1: Ball
1-1: Foul Ball, location: 2F
1-2: SINGLE (Line Drive, 78S, EV 86.3 MPH)
Batting: LHB Dustin Swafford 0-0: Called Strike
0-1: Fly out, F8 (Flyball, 8LD, EV 98.8 MPH)
Batting: SHB Mel Hernandez 0-0: Ball
1-0: Ball
2-0: Called Strike
2-1: Ball
3-1: Foul Ball, location: 7LMF
3-2: Strikes out swinging
Top of the 4th over - 1 run, 2 hits, 0 errors, 1 left on base; Colorado (GCL) 2 - Baltimore (GCL) 0
BOTTOM OF THE 4TH
Baltimore (GCL) Orioles batting - Pitching for Colorado (GCL) Rockies : RHP John McKitrick
Batting: RHB Melvin Paredes 0-0: Ball
1-0: Ball
2-0: Called Strike
2-1: Foul Ball, location: 5FF
2-2: Foul Ball, location: 2F
2-2: DOUBLE (Line Drive, 7LS, EV 100.6 MPH)
Batting: RHB Edwin Santiago 0-0: SINGLE (Groundball, 5, EV 83.8 MPH)
Melvin Paredes to third
Batting: RHB Francisco Ferrer 0-0: Ball
1-0: Called Strike
1-1: Ball
2-1: Ball
3-1: Base on Balls
Edwin Santiago to second
Batting: SHB Jason Massey 0-0: DOUBLE (Groundball, 3L, EV 105.0 MPH)
Melvin Paredes scores
Edwin Santiago scores
Francisco Ferrer to third
Batting: RHB Mike Baine 0-0: Fly out, F3 (Popup, 34, EV 81.3 MPH)
Batting: RHB Bobby Cruz 0-0: Ball
1-0: Ball
2-0: Foul Ball, location: 9LMF
2-1: Fly out, F9 (Flyball, 9LMF, EV 94.4 MPH)
Runner from 3rd tags up, SCORES, no throw by RF
Batting: LHB Octavio Salgado 0-0: Called Strike
0-1: Foul Ball, location: 2F
0-2: Ball
1-2: Foul Ball, location: 2F
1-2: Foul Ball, location: 5SF
1-2: Strikes out swinging
Bottom of the 4th over - 3 runs, 3 hits, 0 errors, 1 left on base; Colorado (GCL) 2 - Baltimore (GCL) 3
TOP OF THE 5TH
Colorado (GCL) Rockies batting - Pitching for Baltimore (GCL) Orioles : RHP Antonio Samano
Batting: RHB Edgar Caban 0-0: Fly out, F7 (Flyball, 7, EV 92.5 MPH)
Batting: RHB Bob Brugioni 0-0: SINGLE (Line Drive, 56D, EV 95.0 MPH)
Batting: LHB Marco Diaz 0-0: Called Strike
0-1: SINGLE (Line Drive, 8RS, EV 102.5 MPH)
Bob Brugioni to second
Batting: SHB Felix Verjano 0-0: Ball
1-0: Called Strike
1-1: SINGLE (Line Drive, 5D, EV 95.0 MPH)
Bob Brugioni to third
Marco Diaz to second
Batting: LHB Zacarias Morales 0-0: Ball
1-0: Foul Ball, location: 2F
1-1: Foul Ball, location: 3DF
1-2: Strikes out swinging
Batting: RHB Roger Cienega 0-0: Swinging Strike
0-1: Ball
1-1: Called Strike
1-2: Strikes out swinging
Top of the 5th over - 0 runs, 3 hits, 0 errors, 3 left on base; Colorado (GCL) 2 - Baltimore (GCL) 3
BOTTOM OF THE 5TH
Baltimore (GCL) Orioles batting - Pitching for Colorado (GCL) Rockies : RHP John McKitrick
Batting: RHB Enrique Castaneda 0-0: Ball
1-0: Swinging Strike
1-1: Foul Ball, location: 7LSF
1-2: SINGLE (Groundball, 34S, EV 76.9 MPH) (infield hit)
Batting: RHB Jim Unknown 0-0: Called Strike
0-1: Grounds into double play, 4-6-3 (Groundball, 4, EV 103.1 MPH)
Batting: RHB Melvin Paredes 0-0: Ball
1-0: Called Strike
1-1: Ground out 6-3 (Groundball, 6, EV 85.6 MPH)
Bottom of the 5th over - 0 runs, 1 hit, 0 errors, 0 left on base; Colorado (GCL) 2 - Baltimore (GCL) 3
TOP OF THE 6TH
Colorado (GCL) Rockies batting - Pitching for Baltimore (GCL) Orioles : RHP Antonio Samano
Batting: RHB Justin Trumble 0-0: Ground out 6-3 (Groundball, 6, EV 83.1 MPH)
Batting: LHB Dustin Swafford 0-0: Fly out, F9 (Line Drive, 9, EV 93.1 MPH)
Batting: SHB Mel Hernandez 0-0: Foul Ball, location: 2F
0-1: Ground out 6-3 (Groundball, 6, EV 79.4 MPH)
Top of the 6th over - 0 runs, 0 hits, 0 errors, 0 left on base; Colorado (GCL) 2 - Baltimore (GCL) 3
BOTTOM OF THE 6TH
Baltimore (GCL) Orioles batting - Pitching for Colorado (GCL) Rockies : RHP John McKitrick
Batting: RHB Edwin Santiago 0-0: Ball
1-0: Called Strike
1-1: Ball
2-1: DOUBLE (Line Drive, 5D, EV 95.6 MPH)
Batting: RHB Francisco Ferrer 0-0: Foul Ball, location: 2F
0-1: SINGLE (Line Drive, 6D, EV 101.3 MPH)
Edwin Santiago to third
Batting: SHB Jason Massey 0-0: Swinging Strike
0-1: Fielders Choice attempt at home, Runner SAFE. 4-2 (Groundball, 34, EV 88.1 MPH)
Francisco Ferrer to second
Batting: RHB Mike Baine 0-0: Ball
1-0: Ball
2-0: Foul Ball, location: 9LDF
2-1: Ball
3-1: Base on Balls
Francisco Ferrer to third
Jason Massey to second
Pitching: RHP Tony Flores
Batting: RHB Bobby Cruz 0-0: Called Strike
0-1: Ball
1-1: Swinging Strike
1-2: Strikes out looking
Batting: LHB Octavio Salgado 0-0: Swinging Strike
0-1: Swinging Strike
0-2: Foul Ball, location: 5F
0-2: Fly out, F4 (Popup, 4S, EV 73.8 MPH)
Batting: RHB Enrique Castaneda 0-0: Called Strike
0-1: Ball
1-1: Ball
2-1: Fielders Choice at 2nd, 5-4 (Groundball, 56, EV 85.0 MPH)
Bottom of the 6th over - 1 run, 2 hits, 0 errors, 3 left on base; Colorado (GCL) 2 - Baltimore (GCL) 4
TOP OF THE 7TH
Colorado (GCL) Rockies batting - Pitching for Baltimore (GCL) Orioles : RHP Antonio Samano
Batting: RHB Edgar Caban 0-0: Swinging Strike
0-1: Ground out 1-3 (Groundball, 34S, EV 69.4 MPH)
Batting: RHB Bob Brugioni 0-0: Ball
1-0: Ground out U3 (Groundball, 3S, EV 92.5 MPH)
Batting: LHB Marco Diaz 0-0: Ball
1-0: Foul Ball, location: 23F
1-1: Ball
2-1: Foul Ball, location: 9LDF
2-2: Strikes out swinging, 2-3 out at first.
Top of the 7th over - 0 runs, 0 hits, 0 errors, 0 left on base; Colorado (GCL) 2 - Baltimore (GCL) 4
BOTTOM OF THE 7TH
Baltimore (GCL) Orioles batting - Pitching for Colorado (GCL) Rockies : RHP Tony Flores
Pitching: RHP John Ballantyne
Batting: RHB Jim Unknown 0-0: Ground out 3-1 (Groundball, 34, EV 97.5 MPH)
Batting: RHB Melvin Paredes 0-0: Called Strike
0-1: Swinging Strike
0-2: Ball
1-2: Ball
2-2: Foul Ball, location: 5DF
2-2: Strikes out looking
Batting: RHB Edwin Santiago 0-0: Ground out 5-3 (Groundball, 56S, EV 93.8 MPH)
Bottom of the 7th over - 0 runs, 0 hits, 0 errors, 0 left on base; Colorado (GCL) 2 - Baltimore (GCL) 4
TOP OF THE 8TH
Colorado (GCL) Rockies batting - Pitching for Baltimore (GCL) Orioles : RHP Antonio Samano
Pitching: RHP Sean Fresh
Batting: SHB Felix Verjano 0-0: Ground out 3-1 (Groundball, 34S, EV 93.8 MPH)
Batting: LHB Zacarias Morales 0-0: Ball
1-0: Ball
2-0: Ball
3-0: Called Strike
3-1: Fly out, F8 (Flyball, 8LD, EV 107.5 MPH)
Pinch Hitting: RHB Mike Shaw 0-0: Ball
1-0: Called Strike
1-1: Foul Ball, location: 25FF
1-2: Ball
2-2: Ground out 4-3 (Groundball, 4M, EV 104.4 MPH)
Top of the 8th over - 0 runs, 0 hits, 0 errors, 0 left on base; Colorado (GCL) 2 - Baltimore (GCL) 4
BOTTOM OF THE 8TH
Baltimore (GCL) Orioles batting - Pitching for Colorado (GCL) Rockies : RHP John Ballantyne
Now at 2B: Mike Shaw
Now at SS: Felix Verjano
Batting: RHB Francisco Ferrer 0-0: Ball
1-0: Swinging Strike
1-1: Called Strike
1-2: Fly out, F7 (Flyball, 78M, EV 99.4 MPH)
Batting: SHB Jason Massey 0-0: Ball
1-0: Ground out 4-3 (Groundball, 34, EV 91.3 MPH)
Batting: RHB Jayden Shirley 0-0: Ball
1-0: Ball
2-0: Called Strike
2-1: Ground out 5-3 (Groundball, 56, EV 86.9 MPH)
Bottom of the 8th over - 0 runs, 0 hits, 0 errors, 0 left on base; Colorado (GCL) 2 - Baltimore (GCL) 4
TOP OF THE 9TH
Colorado (GCL) Rockies batting - Pitching for Baltimore (GCL) Orioles : RHP Sean Fresh
Pinch Hitting: LHB Enrique Castillo 0-0: Ground out 4-3 (Groundball, 4, EV 97.5 MPH)
Pinch Hitting: RHB Gilberto Bonilla 0-0: Called Strike
0-1: Ball
1-1: Foul Ball, location: 25F
1-2: Ground out 6-3 (Groundball, 6, EV 99.4 MPH)
Pinch Hitting: RHB Andy McNeily 0-0: Ball
1-0: SINGLE (Line Drive, 89M, EV 103.1 MPH)
Pinch Hitting: RHB Cal Busby 0-0: Ball
1-0: Called Strike
1-1: Fly out, F8 (Flyball, 8LD, EV 98.1 MPH)
Top of the 9th over - 0 runs, 1 hit, 0 errors, 1 left on base; Colorado (GCL) 2 - Baltimore (GCL) 4
Sunday, April 14th , 2024 - OOTP Baseball 24.11 Build 85